 Dungeon Crawl Stone Soup version 0.29-a0-998-g1987434951 (webtiles) character file.

Game seed: 5395943201994398525

166853 quixfox the Earth Mage (level 17, -3/111 HPs)
             Began as a Gargoyle Earth Elementalist on Aug 5, 2022.
             Was the Champion of Vehumet.
             Slain by a wolf spider (11 damage)
             ... on level 4 of the Spider Nest.
             The game lasted 02:30:45 (37265 turns).

quixfox the Earth Mage (GrEE)                      Turns: 37265, Time: 02:30:46

Health: -3/111     AC: 14    Str: 18      XL:     17   Next: 91%
Magic:  4/34       EV:  6    Int: 37 (39) God:    Vehumet [******]
Gold:   2168       SH:  0    Dex:  8 (10) Spells: 18/42 levels left

rFire   + . .      SeeInvis +   i - staff of earth
rCold   + . .      Faith    .   O - +1 buckler {rPois}
rNeg    + . .      Spirit   .   l - +2 troll leather armour
rPois   ∞          Reflect  .   Q - +0 helmet {Int+3}
rElec   +          Harm     .   I - +1 cloak
rCorr   +          Rampage  .   P - +1 pair of gloves
Will    +....                   t - +0 pair of boots "Ulyrgh" {rElec rF+ Regen+}
Stlth   +.........              v - amulet of magic regeneration
HPRegen 1.88/turn               m - ring "Yghuf" {rCorr Int+5 SInv}
MPRegen 0.64/turn               d - ring of Femp {Drain rC+ rCorr Str+6 Int+7}

@: corroded, flying, held
A: sickness immunity, AC +12, big wings, negative energy resistance 1,
electricity resistance, torment resistance 1, petrification resistance
a: Renounce Religion


You were on level 4 of the Spider Nest.
You worshipped Vehumet.
Vehumet was exalted by your worship.
You visited 5 branches of the dungeon, and saw 27 of its levels.
You also visited: Gauntlet.

You collected 3190 gold pieces.
You spent 1022 gold pieces at shops.

Inventory:

Missiles
 E - 3 throwing nets
Armour
 l - a +2 troll leather armour (worn)
 t - the +0 pair of boots "Ulyrgh" (worn) {rElec rF+ Regen+}
   (You acquired it on level 8 of the Dungeon)

   rF:        It protects you from fire.
   rElec:     It insulates you from electricity.
   Regen:     It increases your rate of health regeneration.
 I - a +1 cloak (worn)
 O - a +1 buckler of poison resistance (worn)
 P - a +1 pair of gloves (worn)
 Q - a +0 helmet of intelligence (worn)
Magical Staves
 i - a staff of earth (weapon)
 N - a staff of fire
Jewellery
 d - the ring of Femp (right hand) {Drain rC+ rCorr Str+6 Int+7}
   (You found it on level 7 of the Dungeon)

   [ring of strength]

   Str:       It affects your strength (+6).
   Int:       It affects your intelligence (+7).
   rC:        It protects you from cold.
   rCorr:     It protects you from acid and corrosion.
   Drain:     It drains your maximum health when unequipped.
 m - the ring "Yghuf" (left hand) {rCorr Int+5 SInv}
   (You found it on level 7 of the Dungeon)

   [ring of resist corrosion]

   Int:       It affects your intelligence (+5).
   SInv:      It lets you see invisible.
   rCorr:     It protects you from acid and corrosion.
 v - an amulet of magic regeneration (around neck)
 y - a ring of protection from fire
 G - an amulet of reflection
 J - the ring of Hieniw {rN+ MP+9 Str-2 Int+2}
   (You acquired it on level 1 of the Lair of Beasts)

   [ring of magical power]

   Str:       It affects your strength (-2).
   Int:       It affects your intelligence (+2).
   rN:        It protects you from negative energy.
   MP:        It affects your magic capacity (+9).
 V - the ring "Ipnuhuf" {rElec rC+ rN+ MP+9 Str-2}
   (You found it in a Gauntlet)

   [ring of positive energy]

   Str:       It affects your strength (-2).
   rC:        It protects you from cold.
   rElec:     It insulates you from electricity.
   rN:        It protects you from negative energy.
   MP:        It affects your magic capacity (+9).
Wands
 f - a wand of flame (42)
 g - a wand of charming (12)
 r - a wand of polymorph (24)
 A - a wand of digging (11)
 B - a wand of acid (4)
 C - a wand of mindburst (18)
 L - a wand of iceblast (17)
Scrolls
 a - 4 scrolls of poison
 n - 13 scrolls of teleportation
 p - 4 scrolls of fear
 s - 3 scrolls of amnesia
 w - 5 scrolls of blinking
 D - 8 scrolls of magic mapping
 H - 2 scrolls of butterflies
 K - 4 scrolls of immolation
 T - a scroll of summoning
Potions
 b - a potion of magic
 c - 13 potions of curing
 e - 7 potions of might
 h - 2 potions of cancellation
 j - a potion of heal wounds
 o - 4 potions of lignification
 q - 2 potions of haste
 u - 3 potions of invisibility
 x - 8 potions of mutation
 z - 7 potions of berserk rage
 F - a potion of ambrosia
 M - 3 potions of brilliance
Miscellaneous
 Z - a phantom mirror


   Skills:
 + Level 14.1 Fighting
 + Level 8.2 Staves
 - Level 5.3 Armour
 - Level 5.9 Dodging
 - Level 2.1 Stealth
 - Level 7.4 Shields
 + Level 13.4 Spellcasting
 + Level 13.2 Conjurations
 - Level 0.7 Transmutations
 + Level 10.8 Fire Magic
 + Level 17.2 Earth Magic
 - Level 5.4 Evocations


You had 18 spell levels left.
You knew the following spells:

 Your Spells              Type           Power      Damage    Failure   Level
a - Sandblast             Erth           100%       2d20      0%          1
b - Passwall              Tmut/Erth      79%        N/A       1%          2
d - Iron Shot             Conj/Erth      59%        9d11      1%          6
e - Lee's Rapid Deconstr  Erth           62%        3d29*     1%          5
f - Scorch                Fire           100%       2d10      1%          2
g - Lehudib's Crystal Sp  Conj/Erth      59%        10d14     8%          8

Your spell library contained the following spells:

 Spells                   Type           Power      Damage    Failure   Level
 Conjure Ball Lightning   Conj/Air       32%        3x3d10    6%          6
 Magic Dart               Conj           100%       1d8       0%          1
 Searing Ray              Conj           100%       2d8       0%          2
 Stone Arrow              Conj/Erth      100%       3d13      0%          3
 Shock                    Conj/Air       100%       1d9       1%          1
 Mephitic Cloud           Conj/Pois/Air  55%        N/A       1%          3
 Animate Armour           Summ/Erth      100%       N/A       1%          4
 Fulminant Prism          Conj/Hex       32%        3d16      1%          4
 Iskenderun's Mystic Bla  Conj/Tloc      65%        2d13      1%          4
 Petrify                  Tmut/Erth      95%        N/A       1%          4
 Wereblood                Tmut           30%        N/A       2%          2
 Blink                    Tloc           48%        N/A       3%          2
 Call Imp                 Summ           24%        N/A       3%          2
 Airstrike                Air            12%        2d(2-18)  6%          4
 Swiftness                Air            24%        N/A       7%          3
 Vampiric Draining        Necr           24%        2d7       7%          3
 Cause Fear               Hex            12%        N/A       22%         4
 Corpse Rot               Necr/Pois/Air  24%        N/A       22%         4
 Dispel Undead            Necr           24%        3d12      22%         4
 Blade Hands              Tmut           15%        N/A       41%         5
 Shatter                  Erth           62%        3d46*     41%         9
 Manifold Assault         Tloc           24%        N/A       52%         5
 Fire Storm               Conj/Fire      42%        8d11      97%         9
 Death Channel            Necr           12%        N/A       98%         6
 Dragon Form              Tmut           15%        N/A       100%        7
 Storm Form               Tmut/Air       13%        N/A       100%        7
 Summon Hydra             Summ           12%        N/A       100%        7
 Chain Lightning          Conj/Air       32%        3d43      100%        9
 Death's Door             Necr           12%        N/A       100%        9
 Dragon's Call            Summ           12%        N/A       100%        9
 Sublimation of Blood     Necr           Unusable   N/A       N/A         2

Dungeon Overview and Level Annotations

Branches:
Dungeon (15/15)            Temple (1/1) D:7            Lair (5/5) D:8
  Swamp (0/4) Lair:3       Spider (4/4) Lair:3        Slime (0/5) Lair:5
    Orc (2/2) D:11            Elf (0/3) Orc:2        Vaults (0/5) D:14
 Depths (0/4) D:15        Gauntlet (visited)

Altars:
Ashenzari
Cheibriados
Dithmenos
Elyvilon
Fedhas
Gozag
Makhleb
Okawaru
Qazlal
Ru
Uskayaw
Vehumet
Wu Jian
Zin
The Shining One
Jiyva

Shops:
D:8 [??(!   D:9 [   Orc:1 [   Orc:2 :(*(

Portals:
Trove: D:10 (give 5 scrolls of blinking)

Annotations:
D:4 exclusion: oklob plant
D:14 3 runed translucent doors, serber55's ghost, journeyman DsIE
Spider:3 3 runed translucent doors, Valamore's ghost, adept BaIE


Innate Abilities, Weirdness & Mutations

You are immune to sickness and miasma.
Your stone body is resilient. (AC +12)
You are immune to poison.
Your large and strong wings let you fly.
You resist negative energy. (rN+)
You are resistant to electric shocks. (rElec)
You are resistant to unholy torment.
You are immune to petrification.


Message History

Aiming: Iron Shot (mildly dangerous; 1% risk of failure)
Press: ? - help, Q - select action, (/) - cycle Shift-Dir - straight line, f - wolf spider
Aim: a wolf spider (79% to hit)
You feel a surge of power!
The iron shot misses the wolf spider.
The wolf spider hits you but does no damage.
The wolf spider bites you.
The entropy weaver points at you and mumbles some strange words.
The entropic weave corrodes you! The jumping spider pounces on you!
* * * LOW HITPOINT WARNING * * *
The jumping spider barely misses you. The redback barely misses you.
The wolf spider barely misses you.
The wolf spider bites you but does no damage.
Aiming: Iron Shot (mildly dangerous; 1% risk of failure)
Press: ? - help, Q - select action, (/) - cycle Shift-Dir - straight line, f/p - wolf spider
Aim: a wolf spider (79% to hit)
You feel a surge of power!
The iron shot hits the wolf spider!!!
The wolf spider is severely wounded.
The jumping spider completely misses you.
The jumping spider bites you but does no damage.
The redback barely misses you. The wolf spider hits you!
* * * LOW HITPOINT WARNING * * *
The wolf spider bites you!
* * * LOW HITPOINT WARNING * * *
The jumping spider leaps!
The jumping spider pounces on you.
* * * LOW HITPOINT WARNING * * *
You are even more entangled.
The jumping spider bites you but does no damage.
The redback bites you!
* * * LOW HITPOINT WARNING * * *
You feel much better.
The wolf spider hits you but does no damage.
The wolf spider bites you but does no damage.
The jumping spider completely misses you.
The jumping spider bites you but does no damage.
The redback bites you!
* * * LOW HITPOINT WARNING * * *
The wolf spider hits you!
* * * LOW HITPOINT WARNING * * *
The wolf spider bites you!
You die...

.#.^#^#.#^# .....##^...........#
..#.....##^ ... #^............##
...###^.##.###^###s............^.
<.^#.^..##.~.#.#^....°#.#........
#..#.#...##........~###.###......
^......#.#[.........# ... ^.....
#......#.........B.##^.... #.....
..#.#.^..##......s.^....... .....
#..#..#..#......@s.##.^...##.....
.†.###..^..##....s..##...## ...#
.#....###...#......^###.## ..~#
.#.##.................# # #
...#....###...##.####~# ###
##.###..^#..#..#.### ## ####^#
^......#...#.^.†...#########<....
..#...##..#..#.^.#......#.....##.
#†...##...#...##.......#..^...#..


You could see an entropy weaver, a wolf spider, 2 jumping spiders and a redback.

Vanquished Creatures
  Saint Roka (Orc:2)
  Arachne (Spider:2)
  Rupert (Spider:1)
  Jorgrun (Orc:2)
  Agnes (D:14)
  2 emperor scorpions
  A fire giant (D:15)
  2 ghost moths (Spider:4)
  Louise (D:15)
  3 broodmothers (Spider:4)
  2 spark wasps (Spider:4)
  The ghost of Qauby the Bewitcher, a journeyman DEFE of Sif Muna (D:15)
  2 entropy weavers
  The ghost of purpskrrrp the Scorcher, a journeyman DrFE of Qazlal (Orc:2)
  A minotaur (Gauntlet)
  Snorg (D:14)
  An ettin (D:11)
  6 hydras
  8 boulder beetles
  4 centaur warriors
  21 two-headed ogres
  A catoblepas (Lair:5)
  A jorogumo (Spider:3)
  2 dancing weapons (D:14)
  5 ogre magi
  3 radroaches
  2 death scarabs (Gauntlet)
  4 tengu warriors
  2 deep elf knights (D:14)
  Nergalle (Lair:1)
  4 sun moths
  7 pharaoh ants
  2 steelbarb worms
  7 orb spiders
  4 bog bodies (Lair:3)
  A wizard (D:14)
  Pikel (D:5)
  2 deep elf archers (D:14)
  The ghost of quixfox the Geomancer, a novice GrEE of Vehumet (D:7)
  6 deep elf pyromancers
  10 deep elf zephyrmancers (D:14)
  An orc sorcerer (Orc:2)
  A mana viper (shapeshifter) (Gauntlet)
  14 wolf spiders
  An orc knight (Orc:2)
  18 ugly things
  2 oklob plants (Lair:2)
  4 manticores
  2 cyclopes (D:15)
  4 moths of wrath
  An ice statue (D:13)
  3 black mambas
  29 elephants
  A gargoyle (D:11)
  5 torpor snails
  18 cane toads
  A yaktaur (D:13)
  2 kobold demonologists
  3 unseen horrors
  5 komodo dragons
  5 demonic crawlers
  An efreet (D:15)
  3 unseen horror zombies (D:9)
  5 ice devils (D:13)
  A polar bear (shapeshifter) (D:15)
  A queen bee (shapeshifter) (Gauntlet)
  6 trolls
  9 meliai
  5 polar bears
  25 tarantellas
  3 slime creatures (D:12)
  7 hornets
  Grinder (D:5)
  A tarantella (shapeshifter) (D:14)
  13 dream sheep
  A spectral black mamba (Gauntlet)
  20 jumping spiders
  9 culicivoras
  5 shadows
  5 wyverns
  11 spriggans (Lair:5)
  Sigmund (D:3)
  22 yaks
  A vampire (D:13)
  2 wraiths (D:10)
  A spectral komodo dragon (Gauntlet)
  A basilisk (D:15)
  3 vampire mosquitoes (D:11)
  31 redbacks
  4 steam dragons
  2 swamp worms (Lair:3)
  2 spectral cane toads (Gauntlet)
  A warg (Orc:2)
  2 acid dragons
  A floating eye (Lair:2)
  16 water moccasins
  A black bear (shapeshifter) (Gauntlet)
  20 orc warriors
  2 ice beasts
  8 black bears
  31 ogres
  5 boggarts (Lair:5)
  29 wolves
  6 centaurs
  3 lemures (D:5)
  A phantom (D:6)
  3 kobold brigands
  2 necrophages
  2 gnoll sergeants
  9 bullfrogs
  4 scorpions
  11 wights (D:9)
  A troll zombie (D:11)
  8 electric eels
  10 howler monkeys
  3 centaur zombies (D:9)
  5 hounds
  3 gnoll boudas
  2 jellies
  12 orc priests
  3 iguanas
  Terence (D:3)
  16 orc wizards
  A killer bee zombie (D:9)
  7 ogre zombies (D:11)
  A howler monkey zombie (D:9)
  18 gnolls
  11 adders
  A shadow imp (D:6)
  2 white imps (D:7)
  8 ufetubi
  2 worms
  78 orcs
  6 bats
  4 endoplasms
  3 giant cockroaches
  7 goblins
  8 hobgoblins
  21 kobolds
  4 quokkas
  7 ball pythons
  3 frilled lizards
  2 goblin skeletons (D:11)
  4 goblin zombies (D:11)
  A hobgoblin skeleton (D:11)
  3 hobgoblin zombies (D:11)
  4 orc skeletons (D:11)
  11 orc zombies (D:11)
  6 rats
894 creatures vanquished.

Vanquished Creatures (others)
  A bush (Lair:5)
  3 demonic plants (Gauntlet)
  42 fungi
  110 plants
  2 withered plants (D:9)
158 creatures vanquished.

Grand Total: 1052 creatures vanquished

Notes
Turn   | Place    | Note
-------+----------+-------------------------------------------
     0 | D:1      | quixfox the Gargoyle Earth Elementalist began the quest for
                  | the Orb.
     0 | D:1      | Reached XP level 1. HP: 10/10 MP: 3/3
   256 | D:1      | Reached XP level 2. HP: 15/15 MP: 1/5
   257 | D:1      | Reached skill level 4 in Earth Magic
  1013 | D:1      | Reached XP level 3. HP: 19/19 MP: 4/6
  1016 | D:1      | Learned a level 2 spell: Passwall
  1020 | D:1      | Learned a level 3 spell: Stone Arrow
  1280 | D:2      | Found a faded altar of an unknown god.
  1306 | D:2      | Reached skill level 1 in Conjurations
  1336 | D:2      | Reached XP level 4. HP: 19/24 MP: 3/8
  2005 | D:3      | Noticed Sigmund
  2011 | D:3      | Killed Sigmund
  2012 | D:3      | Reached skill level 5 in Earth Magic
  2012 | D:3      | Reached XP level 5. HP: 14/28 MP: 4/10
  2012 | D:3      | Reached XP level 6. HP: 16/32 MP: 4/11
  2846 | D:3      | Found a white marble altar of Elyvilon.
  2864 | D:3      | Noticed Terence
  2867 | D:3      | Killed Terence
  3531 | D:4      | Reached skill level 6 in Earth Magic
  3548 | D:4      | Reached XP level 7. HP: 15/36 MP: 5/13
  3741 | D:4      | Found a hide-covered altar of Uskayaw.
  3999 | D:4      | Found a blossoming altar of Fedhas.
  4013 | D:4      | Noticed an oklob plant
  4223 | D:5      | Entered Level 5 of the Dungeon
  4577 | D:5      | Noticed Grinder
  4623 | D:5      | Reached skill level 7 in Earth Magic
  4750 | D:5      | Killed Grinder
  4751 | D:5      | Reached skill level 5 in Spellcasting
  4751 | D:5      | Reached skill level 5 in Conjurations
  4751 | D:5      | Reached XP level 8. HP: 41/41 MP: 10/15
  5036 | D:5      | Noticed Pikel
  5053 | D:5      | Killed Pikel
  5054 | D:5      | Reached skill level 8 in Earth Magic
  5451 | D:6      | Learned a level 6 spell: Iron Shot
  5466 | D:6      | Reached skill level 1 in Fighting
  5466 | D:6      | Reached skill level 1 in Armour
  5466 | D:6      | Reached XP level 9. HP: 25/47 MP: 15/18
  6133 | D:6      | Reached skill level 1 in Staves
  6133 | D:6      | Reached skill level 9 in Earth Magic
  6133 | D:6      | Reached skill level 1 in Evocations
  6567 | D:7      | Learned a level 5 spell: Lee's Rapid Deconstruction
  6610 | D:7      | Noticed a moth of wrath
  6619 | D:7      | Found a transporter.
  6622 | D:7      | Noticed quixfox's ghost (novice GrEE)
  6665 | D:7      | Found a transporter.
  7063 | D:7      | Found a staircase to the Ecumenical Temple.
  7073 | Temple   | Entered the Ecumenical Temple
  7104 | Temple   | Became a worshipper of Vehumet
  7273 | D:7      | Found an ornate altar of the Wu Jian Council.
  7642 | D:8      | Reached XP level 10. HP: 56/56 MP: 17/20
  7841 | D:8      | Found Jampoine's Distillery.
  8024 | D:8      | Found a staircase to the Lair.
  8026 | D:8      | Reached * piety under Vehumet
  8026 | D:8      | Offered knowledge of Freeze by Vehumet.
  8487 | D:8      | Found Amututil's Antique Armour Shoppe.
  8524 | D:8      | Found a snail-covered altar of Cheibriados.
  8575 | D:8      | Found Omaoclo's Magic Scroll Emporium.
  8583 | D:8      | Bought a scroll of magic mapping for 105 gold pieces
  8648 | D:8      | Found Cebogg's Weapon Emporium.
  8701 | D:8      | Found Moihi's Magic Scroll Boutique.
  9015 | D:9      | Found a snail-covered altar of Cheibriados.
  9015 | D:9      | Found Cheibriados's Comfort Zone.
  9248 | D:9      | Reached ** piety under Vehumet
  9250 | D:9      | Offered knowledge of Scorch by Vehumet.
  9279 | D:9      | Reached skill level 10 in Earth Magic
  9399 | D:9      | Learned a level 2 spell: Scorch
  9895 | D:9      | Reached skill level 1 in Fire Magic
  9991 | D:9      | Reached skill level 5 in Fighting
  9991 | D:9      | Reached XP level 11. HP: 50/63 MP: 20/22
 10177 | D:10     | Entered Level 10 of the Dungeon
 10396 | D:10     | Noticed a two-headed ogre
 10404 | D:10     | Killed a two-headed ogre
 10613 | D:10     | Found a portal to a secret trove of treasure.
 10766 | D:10     | Offered knowledge of Poisonous Vapours by Vehumet.
 10880 | D:10     | Found an iron altar of Okawaru.
 10887 | D:10     | Found a stormy altar of Qazlal.
 10968 | Lair:1   | Entered Level 1 of the Lair of Beasts
 11710 | Lair:1   | Noticed Nergalle
 12016 | Lair:1   | Reached skill level 5 in Staves
 12017 | Lair:1   | HP: 3/64 [yak (11)]
 12217 | Lair:1   | Reached *** piety under Vehumet
 12395 | Lair:1   | Reached skill level 11 in Earth Magic
 12556 | Lair:1   | Reached skill level 5 in Armour
 12683 | Lair:1   | Killed Nergalle
 12684 | Lair:1   | Reached XP level 12. HP: 71/71 MP: 11/24
 12840 | Lair:1   | Identified a scroll of acquirement
 12841 | Lair:1   | Acquired the ring of Hieniw {rN+ MP+9 Str-2 Int+2}
 13809 | Lair:2   | Noticed a six-headed hydra
 13815 | Lair:2   | Killed a six-headed hydra
 13816 | Lair:2   | Reached skill level 5 in Evocations
 14182 | Lair:2   | Offered knowledge of Inner Flame by Vehumet.
 14445 | Lair:2   | Reached skill level 10 in Conjurations
 14837 | Lair:3   | Acquired 615 gold pieces
 15234 | Lair:3   | Found a hole to the Spider Nest.
 15420 | Lair:3   | Reached skill level 12 in Earth Magic
 15422 | Lair:3   | Reached **** piety under Vehumet
 15680 | Lair:3   | Reached XP level 13. HP: 24/78 MP: 4/26
 16225 | Lair:3   | Found a staircase to the Swamp.
 16653 | Lair:3   | Offered knowledge of Ignite Poison by Vehumet.
 16892 | Lair:3   | Reached skill level 5 in Dodging
 18100 | Lair:4   | You fall into a shaft and drop 1 floor!
 18100 | Lair:5   | Entered Level 5 of the Lair of Beasts
 18162 | Lair:5   | Reached skill level 10 in Spellcasting
 18162 | Lair:5   | Reached skill level 13 in Earth Magic
 18739 | Lair:5   | Reached ***** piety under Vehumet
 18739 | Lair:5   | Offered knowledge of Flame Wave by Vehumet.
 19088 | Lair:5   | Reached skill level 1 in Shields
 19405 | Lair:5   | Gained mutation: Your large and strong wings let you fly.
                  | [Gargoyle growth]
 19405 | Lair:5   | Reached XP level 14. HP: 82/87 MP: 3/28
 19722 | Lair:5   | Reached skill level 5 in Fire Magic
 19988 | Lair:5   | Reached skill level 10 in Fighting
 20185 | Lair:5   | Found a staircase to the Slime Pits.
 20206 | Lair:5   | Found a viscous altar of Jiyva.
 21447 | Lair:5   | Got the Atlas of the Undead and the Caves
 21457 | Lair:5   | Learned a level 8 spell: Lehudib's Crystal Spear
 22203 | D:11     | Reached skill level 14 in Earth Magic
 22394 | D:11     | Offered knowledge of Yara's Violent Unravelling by Vehumet.
 22538 | D:11     | Found a staircase to the Orcish Mines.
 23589 | D:12     | Found a gate leading to a gauntlet.
 23598 | Gauntlet | Entered a Gauntlet
 23598 | Gauntlet | Found a transporter.
 23598 | Gauntlet | Found a transporter.
 23599 | Gauntlet | Found a transporter.
 23599 | Gauntlet | Found a transporter.
 23602 | Gauntlet | Found a transporter.
 23616 | Gauntlet | Found a transporter.
 23689 | Gauntlet | Found a transporter.
 23726 | Gauntlet | Found a transporter.
 23732 | Gauntlet | Found a transporter.
 23744 | Gauntlet | Found a transporter.
 23759 | Gauntlet | Found a transporter.
 23769 | Gauntlet | Found a transporter.
 23978 | Gauntlet | Identified the +2 trident of the Orb {drain, *Noise rF+
                  | Str+3 Int+2}
 24063 | Gauntlet | Reached skill level 5 in Shields
 24101 | Gauntlet | Identified the ring "Ipnuhuf" {rElec rC+ rN+ MP+9 Str-2}
 24227 | Gauntlet | Identified the ring of Qeud Emo {rCorr MP+9 Dex+6}
 25081 | Orc:1    | Entered Level 1 of the Orcish Mines
 25455 | D:11     | Reached XP level 15. HP: 14/94 MP: 30/30
 26093 | Orc:1    | Found Ituvvyax's Armour Emporium.
 26173 | Orc:2    | Entered Level 2 of the Orcish Mines
 26203 | Orc:2    | Found a runed translucent door.
 26203 | Orc:2    | Noticed purpskrrrp's ghost (journeyman DrFE)
 26678 | Orc:2    | Paralysed by an ogre mage for 3 turns
 26753 | Orc:2    | Noticed Jorgrun
 26756 | Orc:2    | Killed Jorgrun
 26802 | Orc:2    | Noticed Saint Roka
 26899 | Orc:2    | Killed Saint Roka
 27194 | Orc:2    | Reached skill level 15 in Earth Magic
 27337 | Orc:2    | Reached ****** piety under Vehumet
 27520 | Orc:2    | Offered knowledge of Starburst by Vehumet.
 27610 | Orc:2    | Found a staircase to the Elven Halls.
 27893 | Orc:2    | Found Lesiv's Antique Weapon Boutique.
 27893 | Orc:2    | Found Ylaacaext's Antique Weapon Emporium.
 27893 | Orc:2    | Found Roape's Book Shoppe.
 27893 | Orc:2    | Found Nitty's General Store.
 28279 | Orc:2    | Killed purpskrrrp's ghost
 28514 | Spider:1 | Entered Level 1 of the Spider Nest
 28561 | Spider:1 | Noticed an emperor scorpion
 28572 | Spider:1 | Killed an emperor scorpion
 28584 | Spider:1 | Noticed Rupert
 28588 | Spider:1 | Killed Rupert
 29569 | D:8      | Bought a scroll of teleportation for 42 gold pieces
 29569 | D:8      | Bought a scroll of acquirement for 728 gold pieces
 29569 | D:8      | Bought a scroll of teleportation for 42 gold pieces
 29569 | D:8      | Bought a scroll of enchant armour for 105 gold pieces
 29569 | D:8      | Acquired the +0 pair of boots "Ulyrgh" {rElec rF+ Regen+}
 29655 | D:7      | Killed quixfox's ghost
 29666 | D:7      | Identified the ring of Femp {Drain rC+ rCorr Str+6 Int+7}
 29668 | D:7      | Identified the ring "Yghuf" {rCorr Int+5 SInv}
 29948 | D:13     | Reached XP level 16. HP: 102/102 MP: 21/32
 31265 | D:14     | Found a gate to the Vaults.
 31762 | D:14     | Noticed Snorg
 31768 | D:14     | Killed Snorg
 31768 | D:14     | Offered knowledge of Spellforged Servitor by Vehumet.
 31802 | D:14     | Found a runed translucent gate.
 31802 | D:14     | Found a runed translucent gate.
 31802 | D:14     | Found a runed translucent gate.
 31807 | D:14     | Noticed serber55's ghost (journeyman DsIE)
 31809 | D:14     | Found an iron altar of Okawaru.
 31954 | D:14     | Reached skill level 16 in Earth Magic
 32075 | D:14     | Noticed Agnes
 32081 | D:14     | Killed Agnes
 32201 | D:14     | Identified the +8 arbalest of Trial by Ordeal {flame,
                  | Stlth+}
 32323 | D:15     | Entered Level 15 of the Dungeon
 32483 | D:15     | Noticed Louise
 32491 | D:15     | Killed Louise
 32550 | D:15     | Found a runed translucent door.
 32789 | D:15     | Found a white marble altar of Elyvilon.
 33163 | D:15     | Found a staircase to the Depths.
 33571 | D:15     | Noticed Qauby's ghost (journeyman DEFE)
 33575 | D:15     | Killed Qauby's ghost
 34089 | Spider:2 | Noticed Arachne
 34094 | Spider:2 | Killed Arachne
 34095 | Spider:2 | Reached XP level 17. HP: 109/109 MP: 9/33
 34473 | Spider:2 | Reached skill level 10 in Fire Magic
 35112 | Spider:3 | Offered knowledge of Freezing Cloud by Vehumet.
 35485 | Spider:3 | Found a runed translucent gate.
 35485 | Spider:3 | Found a runed translucent gate.
 35485 | Spider:3 | Found a runed translucent gate.
 35507 | Spider:3 | Noticed Valamore's ghost (adept BaIE)
 36233 | Spider:4 | Entered Level 4 of the Spider Nest
 36367 | Spider:4 | Reached skill level 17 in Earth Magic
 37001 | Spider:4 | Acquired 289 gold pieces
 37243 | Spider:4 | Offered knowledge of Conjure Ball Lightning by Vehumet.
 37264 | Spider:4 | HP: 1/111 [redback (9)]
 37265 | Spider:4 | Slain by a wolf spider

Illustrated notes

Levels and vault maps discovered:
D:1:      lemuel_arrival_river_ford, layout_basic, st_stairs_11, minmay_bisected
D:2:      layout_loops_cross, chequers_ecumenical_altar_twisty
D:3:      layout_loops_ring, mainiacjoe_overflow_six_doors_small, uniq_terence,
          uniq_sigmund
D:4:      cheibrodos_old_hovel, layout_cave_pods, tgw_fedhas,
          nicolae_uskayaw_suspiria, serial_park, serial_park_tiny_pond,
          serial_park_tiny_pond, serial_park_tiny_2, serial_park_gazebo
          [serial_park_minivault_5x5_3], grunt_tough_drop
D:5:      layout_rooms, minmay_hedge_maze, kennysheep_generic_room_11,
          uniq_grinder, uniq_pikel
D:6:      layout_basic, minmay_puff
D:7:      layout_basic, mainiacjoe_overflow_alcove_1,
          minmay_temple_entry_nine_rooms, gammafunk_ghost_berserking_beasts,
          kennysheep_opposing_triangles
D:8:      layout_basic, general_overflow_altar, erik_lair_island, serial_shops,
          nicolae_lakefront_shop, nicolae_shop_bloodbath_and_beyond, shop,
          kennysheep_little_box, nicolae_stop_n_shop_2,
          nicolae_elevator_lobby_asterisk
D:9:      layout_roguey, serial_undead, serial_undead_e, serial_undead_a,
          serial_undead_b, serial_undead_b, serial_undead_d, serial_undead_c,
          minmay_shop_chei
D:10:     layout_basic, amethyst_overflow_temple_binary, enter_trove_3
D:11:     layout_stronghold, zombieorc2_lemuel
D:12:     layout_long_grid, gauntlet_entry_generic, minmay_misc_feat_room,
          minmay_misc_feat_diagonals, st_stairs_6, feat_on_display
D:13:     cheibrodos_frozen_isle, layout_loops_cross, serial_bayou_pond_c,
          dreamdust_mushroom_princess, grunt_ministairs_12
D:14:     minmay_elf_outpost, layout_basic, erik_vaults_1,
          gammafunk_ghost_fury_of_okawaru, infiniplex_staircase_pillars_3a,
          uniq_snorg, uniq_agnes
D:15:     grunt_enter_depths_giant_problem, layout_basic,
          ebering_ghost_reflecting_pool, elyvilon_altar_3, uniq_louise
Temple:   regret_index_temple_waves
Lair:1:   layout_loops_ring, infiniplex_staircase_pool_2, serial_bayou_shore_b,
          serial_bayou_shore_a, lemuel_fruit_tree, grunt_megastairs_3,
          uniq_nergalle
Lair:2:   layout_misc_corridors, small_statue_intersection, serial_bayou_ford_a,
          st_stairs_9, disabler_island
Lair:3:   layout_gridlike, nicolae_swamp_entry_splash_gauntlet,
          spider_nest_entry_rubble, infiniplex_staircase_pool
Lair:4:   layout_small_grid, grunt_megastairs_1
Lair:5:   minmay_lair_end_enchanted_forest, layout_cave_pods, slime_entry_1,
          serial_rivers, chequers_serial_rivers_small_3,
          chequers_serial_rivers_micro_b, chequers_serial_rivers_room_b,
          chequers_serial_rivers_small_a, chequers_serial_rivers_micro_e,
          serial_bayou_crossing
Spider:1: layout_spider_delve, uniq_rupert
Spider:2: layout_cave_pods, uniq_arachne
Spider:3: layout_cave_pods, gammafunk_ghost_necromancy
Spider:4: hellmonk_spider_rune_endless_swarm, nicolae_spider_paper_wasps
Orc:1:    layout_caves, serial_shops, nicolae_square_shop,
          nicolae_orc_lost_temple
Orc:2:    st_orc_ogre_mass, layout_diamond_mine, hellmonk_ghost_happy_afterlife,
          uniq_jorgrun, uniq_saint_roka

Skill      XL: |  1  2  3  4  5  6  7  8  9 10 11 12 13 14 15 16 17 |
---------------+----------------------------------------------------+-----
Earth Magic    | 4 5 6 7 8 9 10 11 12 13 14 15 16 17 | 17.2
Conjurations   | 1 2 3 5 6 7 8 9 10 11 12 13 | 13.2
Spellcasting   | 3 4 5 6 7 8 9 10 11 12 13 | 13.4
Fighting       | 1 3 5 6 8 9 11 12 13 14 | 14.1
Armour         | 1 3 4 5 |  5.3
Staves         | 2 4 5 6 8 |  8.2
Evocations     | 2 3 4 5 |  5.4
Fire Magic     | 1 3 4 7 8 9 10 | 10.8
Dodging        | 2 4 5 |  5.9
Shields        | 2 5 7 |  7.4
Stealth        | |  2.1
Transmutations | |  0.7

Action                   |  1- 3 |  4- 6 |  7- 9 | 10-12 | 13-15 | 16-18 || total
-------------------------+-------+-------+-------+-------+-------+-------++-------
Melee: Unarmed           |     8 |       |       |       |       |       ||     8
       Flail             |       |       |     2 |       |       |       ||     2
       Staff             |       |       |       |     7 |     2 |       ||     9
 Cast: Sandblast         |    47 |    65 |   123 |   178 |    68 |     9 ||   490
       Lee's Rapid Decon |       |       |     6 |    56 |    84 |    53 ||   199
       Iron Shot         |       |       |       |    79 |   381 |   285 ||   745
       Scorch            |       |       |       |       |       |     1 ||     1
Evoke: Wand              |       |       |       |       |       |     1 ||     1
  Use: Scroll            |       |     3 |    16 |    12 |    15 |     3 ||    49
       Potion            |       |     1 |     2 |     5 |       |     3 ||    11
Armor: Robe              |    10 |    26 |    39 |   107 |   141 |       ||   323
       Troll leather arm |       |       |       |       |    51 |    42 ||    93
Dodge: Dodged            |    18 |    55 |    40 |   112 |   240 |    66 ||   531
Block: Buckler           |       |       |       |       |    22 |    29 ||    51

Table legend: (Time is in decaauts)
 A = Elapsed time spent in this place.
 B = Non-inter-level travel time spent in this place.
 C = Inter-level travel time spent in this place.
 D = Time resting spent in this place.
 E = Time spent auto-exploring this place.
 F = Levels seen in this place.
 G = Mean time per level.
                   A        B        C        D        E       F      G
               +--------+--------+--------+--------+--------+-----+--------+
         Total |  37827 |  36061 |   1766 |  10769 |  12033 |  28 | 1351.0 |
       Dungeon |  19378 |  18295 |   1083 |   4236 |   7933 |  15 | 1291.9 |
        Temple |     57 |     31 |     26 |      0 |      0 |   1 |   57.0 |
          Lair |  10557 |  10018 |    539 |   4315 |   1950 |   5 | 2111.4 |
   Spider Nest |   4438 |   4359 |     79 |   1480 |   1053 |   4 | 1109.5 |
  Orcish Mines |   2720 |   2683 |     37 |    545 |   1097 |   2 | 1360.0 |
      Gauntlet |    673 |    673 |      0 |    192 |      0 |   1 |  673.0 |
               +--------+--------+--------+--------+--------+-----+--------+

Top non-repeatable levels by time:
  Lair:5: 3233 daAuts
  Lair:3: 2412 daAuts
     D:8: 2223 daAuts
    D:11: 2175 daAuts
   Orc:2: 2103 daAuts
  Lair:1: 2078 daAuts
  Lair:4: 1634 daAuts
    D:14: 1602 daAuts
     D:7: 1465 daAuts
     D:9: 1333 daAuts
Spider:3: 1316 daAuts
     D:6: 1199 daAuts
  Lair:2: 1198 daAuts
    D:15: 1192 daAuts
     D:5: 1161 daAuts
